 Dungeon Crawl Stone Soup version 0.22-a0-271-gc000056 (webtiles) character file.

4924 mortelune the Frost Mage (level 10, 0/63 HPs)
             Began as a Demonspawn Ice Elementalist on Mar 10, 2018.
             Was a Believer of Ashenzari.
             Slain by a queen bee (20 damage)
             ... on level 9 of the Dungeon.
             The game lasted 00:44:38 (15221 turns).

mortelune the Frost Mage (DsIE)                    Turns: 15221, Time: 00:44:39

Health: 0/63       AC:  3    Str: 10    XL:     10   Next: 27%
Magic:  16/22      EV: 12    Int: 19    God:    Ashenzari [**....]
Gold:   1003       SH:  3    Dex: 15    Spells: 11/25 levels left

rFire    . . .     SeeInvis .   w - +0 long sword (venom)
rCold    . . .     Gourm    .   (no shield)
rNeg     . . .     Faith    .   a - +0 robe
rPois    +         Spirit   .   (no helmet)
rElec    .         Reflect  +   (no cloak)
rCorr    .         Harm     .   k - +0 pair of gloves
MR       .....                  (no boots)
Stlth    +++.......             e - +3 amulet of reflection (curse)
HPRegen  0.20/turn              o - ring of wizardry (curse)
MPRegen  0.18/turn              t - ring of poison resistance

@: no status effects
A: talons 2, thin skeletal structure 1, nightstalker 1, powered by pain 3
a: Curse Item, Scrying, Renounce Religion


You were on level 9 of the Dungeon.
You worshipped Ashenzari.
Ashenzari was pleased with you.
You were hungry.

You visited 1 branch of the dungeon, and saw 9 of its levels.
You also visited: Bailey.

You collected 1218 gold pieces.
You spent 215 gold pieces at shops.

Inventory:

Hand Weapons
 u - a +2 flail of protection
 v - a +2 whip of freezing
 w - a +0 long sword of venom (weapon)
Missiles
 b - 7 javelins (quivered)
 A - 39 tomahawks of returning
Armour
 a - a +0 robe (worn)
 k - a +0 pair of gloves (worn)
Jewellery
 e - a cursed +3 amulet of reflection (around neck)
 n - an uncursed ring of protection from fire
 o - a cursed ring of wizardry (left hand)
 t - a ring of poison resistance (right hand)
 y - a +2 ring of evasion
 E - an uncursed ring of protection from fire
 F - an uncursed ring of protection from fire
Wands
 p - a wand of acid (6)
 B - a wand of flame (24)
Scrolls
 f - 4 scrolls of teleportation
 g - a scroll of immolation
 l - 2 scrolls of magic mapping
 m - 6 scrolls of fog
 r - 2 scrolls of amnesia
 s - 8 scrolls of enchant weapon
 x - 2 scrolls of enchant armour
 G - a scroll of identify
Potions
 d - 2 potions of agility
 h - 2 potions of mutation
 i - a potion of flight
 j - 3 potions of heal wounds
 q - a potion of invisibility
 z - 3 potions of cancellation
 C - a potion of lignification {unknown}
 D - a potion of curing
Comestibles
 c - 8 rations


   Skills:
 - Level 1.7 Dodging
 - Level 1.7 Stealth
 + Level 8.4 Spellcasting
 + Level 8.6(10.0) Conjurations
 + Level 8.7(10.1) Ice Magic


You had 11 spell levels left.
You knew the following spells:

 Your Spells              Type           Power        Failure   Level  Hunger
a - Freeze                Ice            ####         1%          1    None
b - Throw Frost           Conj/Ice       #####.       1%          2    None
c - Ozocubu's Armour      Chrm/Ice       ####....     1%          3    None
d - Summon Ice Beast      Ice/Summ       ####....     4%          4    ###....
e - Throw Icicle          Conj/Ice       #####...     1%          4    ###....


Dungeon Overview and Level Annotations

Branches:
Dungeon (9/15)             Temple (0/1) D:6
   Lair: D:8-11         Orc: D:9-12

Altars:
Ashenzari
Cheibriados
Fedhas
Gozag
Hepliaklqana
Nemelex Xobeh
Qazlal
Ru

Shops:
D:4 ?

Annotations:
D:6 Sigmund
D:7 exclusion: obsidian statue


Innate Abilities, Weirdness & Mutations

You have razor-sharp toenails.
You have a somewhat thin skeletal structure. (Dex +2, Stealth)
You are slightly more attuned to the shadows.
You are powered by pain.


Message History

You freeze the queen bee.
The queen bee is heavily wounded.
The queen bee stings you.
Casting: Freeze (safe; 1% risk of failure)
Confirm with . or Enter, or press ? or * to list all spells.
Aiming: Freeze (safe; 1% risk of failure)
Press: ? - help, Shift-Dir - straight line, f/p - queen bee
Aim: a queen bee (heavily wounded)
You freeze the queen bee.
The queen bee is severely wounded.
The queen bee stings you!!
Casting: Freeze (safe; 1% risk of failure)
Confirm with . or Enter, or press ? or * to list all spells.
Aiming: Freeze (safe; 1% risk of failure)
Press: ? - help, Shift-Dir - straight line, f/p - queen bee
Aim: a queen bee (severely wounded)
You freeze the queen bee.
The queen bee is severely wounded.
The queen bee stings you!!
You die...

#########
#.......# * *
#.#######*, , ,
#.##.##>## , ,
#.##.#...# * ,*
* #.##.#.⌠.# ,
#...@#...# * *
####y##.##
#.##.#######, ,
#.#...##...##
#...⌠....⌠.># *
###.#..)##...##
#...##.#######
, #.#†##.## ,,
,, #.#.#...# ..
,,


You could see a queen bee.

Vanquished Creatures
  Pikel (D:7)
  Eustachio (D:5)
  2 wyverns (D:9)
  5 orc warriors (Bailey)
  A slave (D:7)
  2 ice beasts
  2 sky beasts
  A black bear (D:9)
  A necrophage (D:7)
  A phantom (D:3)
  3 ogres
  3 centaurs
  A big kobold (D:8)
  4 bullfrogs
  A scorpion (D:7)
  9 killer bees (D:9)
  An electric eel (D:7)
  A howler monkey (D:5)
  5 crimson imps
  5 hounds
  2 jellies
  8 orc wizards
  An orc priest (D:3)
  A gnoll shaman (D:8)
  A bullfrog skeleton (D:6)
  2 iguanas
  9 worker ants
  A killer bee zombie (D:7)
  A hound skeleton (D:4)
  A worker ant zombie (D:7)
  14 gnolls
  8 adders
  2 shadow imps
  3 worms
  4 leopard geckos
  27 orcs
  6 giant cockroaches
  7 goblins
  11 hobgoblins
  13 jackals
  3 quokkas
  2 ball pythons
  2 bats
  5 frilled lizards
  A jackal skeleton (D:4)
  20 kobolds
  A leopard gecko skeleton (D:7)
  6 rats
212 creatures vanquished.

Vanquished Creatures (collateral kills)
  3 orc warriors (Bailey)
  3 ogres
  A bullfrog (D:6)
  A bullfrog zombie (D:6)
  A gnoll shaman (D:7)
  4 gnolls
  A kobold (Bailey)
14 creatures vanquished.

Grand Total: 226 creatures vanquished

Notes
Turn   | Place    | Note
-------+----------+-------------------------------------------
     0 | D:1      | mortelune the Demonspawn Ice Elementalist began the quest for the Orb.
     0 | D:1      | Reached XP level 1. HP: 13/13 MP: 3/3
   346 | D:1      | Gained mutation: You sometimes gain a little power by taking damage. [demonic ancestry]
   346 | D:1      | Reached XP level 2. HP: 19/19 MP: 5/5
   350 | D:1      | Learned a level 2 spell: Throw Frost
  1392 | D:1      | Gained mutation: You have a somewhat thin skeletal structure. (Dex +2, Stealth) [demonic ancestry]
  1392 | D:1      | Reached XP level 3. HP: 6/24 MP: 0/7
  1792 | D:2      | HP: 1/24 [gnoll/stone (6)]
  2000 | D:1      | You fall through a shaft!
  2005 | D:2      | Learned a level 3 spell: Ozocubu's Armour
  2692 | D:2      | Gained mutation: You are slightly more attuned to the shadows. [demonic ancestry]
  2692 | D:2      | Reached XP level 4. HP: 30/30 MP: 5/8
  3446 | D:3      | Found a shattered altar of Ashenzari.
  3448 | D:3      | Found a blossoming altar of Fedhas.
  3455 | D:3      | Found a sacrificial altar of Ru.
  3458 | D:3      | Became a worshipper of Ashenzari the Shackled
  3462 | D:3      | Found a stormy altar of Qazlal.
  3466 | D:3      | Found a hazy altar of Hepliaklqana.
  4254 | D:3      | Gained mutation: You have sharp toenails. [demonic ancestry]
  4254 | D:3      | Reached XP level 5. HP: 35/35 MP: 3/10
  4260 | D:3      | Learned a level 4 spell: Summon Ice Beast
  4442 | D:3      | Noticed a phantom
  4727 | D:4      | Noticed an ogre
  4973 | D:4      | Killed an ogre
  4973 | D:4      | Reached XP level 6. HP: 41/41 MP: 1/11
  5884 | D:4      | Reached XP level 7. HP: 44/46 MP: 1/13
  5890 | D:4      | Learned a level 4 spell: Throw Icicle
  6129 | D:4      | Found Zefy's Magic Scroll Boutique.
  6136 | D:4      | Bought a scroll of immolation for 35 gold pieces
  6136 | D:4      | Bought a scroll of enchant weapon for 75 gold pieces
  6136 | D:4      | Bought a scroll of vulnerability for 75 gold pieces
  6136 | D:4      | Bought a scroll of teleportation for 30 gold pieces
  6783 | D:5      | Entered Level 5 of the Dungeon
  6783 | D:5      | Reached * piety under Ashenzari
  6832 | D:5      | Reached skill level 5 in Ice Magic
  7010 | D:5      | Noticed Eustachio
  7115 | D:5      | Found a sparkling altar of Nemelex Xobeh.
  7115 | D:5      | Found an opulent altar of Gozag.
  7191 | D:5      | Reached skill level 5 in Spellcasting
  7347 | D:5      | Killed Eustachio
  7489 | D:5      | Found a stormy altar of Qazlal.
  7617 | D:6      | Gained mutation: You sometimes gain power by taking damage. [demonic ancestry]
  7617 | D:6      | Reached XP level 8. HP: 52/52 MP: 6/16
  7624 | D:5      | Reached skill level 5 in Conjurations
  8393 | D:3      | Found a faded altar of an unknown god.
  8674 | D:6      | Found a staircase to the Ecumenical Temple.
  8677 | D:6      | Noticed Sigmund
  9435 | D:7      | Found a flagged portal.
  9482 | Bailey   | Entered a bailey
  9889 | Bailey   | Gained mutation: You have razor-sharp toenails. [demonic ancestry]
  9889 | Bailey   | Reached XP level 9. HP: 56/57 MP: 1/18
 11110 | D:7      | Noticed Pikel
 11659 | D:7      | Found a snail-covered altar of Cheibriados.
 11837 | D:7      | Killed Pikel
 12925 | D:7      | Noticed an obsidian statue
 13160 | D:8      | Noticed a two-headed ogre
 14118 | D:8      | Reached ** piety under Ashenzari
 14224 | D:9      | Gained mutation: You are powered by pain. [demonic ancestry]
 14224 | D:9      | Reached XP level 10. HP: 63/63 MP: 15/22
 15221 | D:9      | Slain by a queen bee

Vault maps used:
D:1:      dpeg_arrival_rhombus
D:2:      first_ration, moated_statue
D:3:      minitemple, chequers_ecumenical_altar_simple_redux
D:4:      cheibrodos_quashed, serial_shops, shop
D:5:      grunt_temple_overflow_opulence, nicolae_qazlal_eye_of_the_storm,
          uniq_eustachio
D:6:      minmay_temple_entry_statues_pillars, doesnt_xom_only_xom, uniq_sigmund
D:7:      statuecave_lemuel, old_standard_altar, enter_bailey_2, uniq_pikel
D:8:      serial_shops, kennysheep_mini_moat, serial_corexii_hall,
          corexii_hall_statues_x, corexii_hall_statues_x
D:9:      david_nohive_1, minmay_misc_feat_tower, minivault_5,
          grunt_ministairs_5
Bailey:   bailey_axe_4, bailey

Skill      XL: |  1  2  3  4  5  6  7  8  9 |
---------------+----------------------------+-----
Ice Magic      | 3 4 5 6 8 |  8.7
Spellcasting   | 3 4 5 6 8 |  8.4
Conjurations   | 2 3 4 6 8 |  8.6
Dodging        | |  1.7
Stealth        | |  1.7

Action                   |  1- 3 |  4- 6 |  7- 9 | 10-12 || total
-------------------------+-------+-------+-------+-------++-------
Melee: Mace              |     6 |     4 |       |       ||    10
       Flail             |       |     8 |       |       ||     8
       Kick              |       |     3 |    15 |     1 ||    19
       Long sword        |       |       |    42 |       ||    42
Throw: Javelin           |    18 |       |     2 |       ||    20
 Cast: Freeze            |    17 |    32 |   103 |    33 ||   185
       Throw Frost       |    28 |    63 |   127 |    37 ||   255
       Summon Ice Beast  |       |     4 |    17 |     2 ||    23
       Ozocubu's Armour  |       |     2 |     3 |     1 ||     6
       Throw Icicle      |       |       |    67 |     5 ||    72
Invok: Curse Item        |       |       |     2 |       ||     2
  Use: Scroll            |     7 |     2 |     3 |       ||    12
       Potion            |     1 |       |     3 |       ||     4
  Eat: Ration            |     1 |       |     6 |       ||     7
       Chunk             |     4 |    13 |    17 |     3 ||    37
Armor: Robe              |     4 |     7 |    34 |       ||    45
Dodge: Dodged            |    30 |    26 |   113 |    23 ||   192
Block: Other             |     3 |     6 |    22 |     2 ||    33
       Reflection        |       |     1 |     7 |       ||     8
       Rpst.: Long sword |       |       |    23 |     4 ||    27

Table legend:
 A = Spawn XP
 B = Non-spawn XP
 C = Spawn XP percentage of total XP
 D = Spawn monster count
 E = Non-spawn monster count
 F = Spawn count percentage of total count
 G = Total turns spent on level
                    A         B        C        D         E        F      G
               +---------+---------+-------+---------+---------+-------+---------
         Total |       0 |    7035 |   0.0 |       0 |     225 |   0.0 | 15221
               +---------+---------+-------+---------+---------+-------+---------
           D:1 |       0 |      45 |   0.0 |       0 |      21 |   0.0 |  1642
           D:2 |       0 |      98 |   0.0 |       0 |      20 |   0.0 |  1667
           D:3 |       0 |     271 |   0.0 |       0 |      28 |   0.0 |  1795
           D:4 |       0 |     517 |   0.0 |       0 |      20 |   0.0 |  2206
           D:5 |       0 |     727 |   0.0 |       0 |      18 |   0.0 |  1109
           D:6 |       0 |     729 |   0.0 |       0 |      14 |   0.0 |  1078
           D:7 |       0 |    1466 |   0.0 |       0 |      30 |   0.0 |  2119
           D:8 |       0 |     646 |   0.0 |       0 |      21 |   0.0 |   967
           D:9 |       0 |    1544 |   0.0 |       0 |      26 |   0.0 |  1021
        Bailey |       0 |     992 |   0.0 |       0 |      27 |   0.0 |  1617
               +---------+---------+-------+---------+---------+-------+---------
